 Dungeon Sprint DCSS version 0.22.1-1-ga44c0e5 (webtiles) character file.

6393 aMcNicky the Basher (level 11, -15/93 HPs)
             Began as a Human Fighter on Nov 10, 2018.
             Was the Champion of Makhleb.
             Demolished by Baagasifri the pandemonium lord (37 damage)
             ... in the Dungeon (Sprint V: "Ziggurat Sprint").
             The game lasted 00:10:36 (1346 turns).

aMcNicky the Basher (Human Fighter)                 Turns: 1346, Time: 00:10:36

Health: -15/93     AC: 32    Str: 39    XL:     11   Next: 17%
Magic:  18/18      EV: 13    Int: 10    God:    Makhleb [******]
Gold:   0          SH:  0    Dex: 17    Spells: 9/20 levels left

rFire    + + .     SeeInvis .   G - +7 great mace "Firestarter" {inner flame, rF++}
rCold    . . .     Gourm    .   (shield currently unavailable)
rNeg     . . .     Faith    .   E - +15 Maxwell's patent armour {-Cast -Tele rElec MR+ rCorr}
rPois    .         Spirit   .   (no helmet)
rElec    +         Reflect  .   (no cloak)
rCorr    +         Harm     .   K - +1 pair of gloves {Str+3}
MR       +....     Rnd*Rage +   (no boots) Stlth ..........NoTele +
                                (no amulet)
HPRegen  0.25/turn NoCast   +   s - +6 ring of strength
MPRegen  0.16/turn              S - +6 ring of strength

@: mighty, agile
A: berserk 1
a: Minor Destruction, Lesser Servant of Makhleb, Major Destruction, Greater
Servant of Makhleb, Renounce Religion


You were in the Dungeon.
You worshipped Makhleb.
Makhleb was exalted by your worship.
You were not hungry.

You visited 1 branch

Inventory:

Hand Weapons
 x - the +4 quarterstaff "Uqyreat" {vamp, Str-4 Int+7 SInv}
   (You found it in the Dungeon)

   It inflicts no extra harm, but heals its wielder when it wounds a living foe.
   It affects your strength (-4).
   It affects your intelligence (+7).
   It lets you see invisible.
 D - the +6 Majin-Bo {vamp, Archmagi MP+6 Int+6}
   (You found it in the Dungeon)

   It inflicts no extra harm, but heals its wielder when it wounds a living foe.
   It affects your intelligence (+6).
   It affects your magic capacity (+6).
 G - the +7 great mace "Firestarter" (weapon) {inner flame, rF++}
   (You found it in the Dungeon)

   It has been specially enchanted to burn those struck by it, causing extra
   injury to most foes and up to half again as much damage against particularly
   susceptible opponents.
   It greatly protects you from fire.
 H - the +8 lance "Wyrmbane" {slay drac, rPois rF+ rC+ AC+3}
   (You found it in the Dungeon)

   It affects your AC (+3).
   It protects you from fire.
   It protects you from cold.
   It protects you from poison.
Armour
 a - a +0 scale mail
 b - a +0 shield
 E - the +15 Maxwell's patent armour (worn) {-Cast -Tele rElec MR+ rCorr}
   (You found it in the Dungeon)

   It insulates you from electricity.
   It affects your resistance to hostile enchantments.
   It prevents spellcasting.
   It prevents most forms of teleportation.
   It provides partial protection from all sources of acid and corrosion.
 F - the +18 shield of the Gong {rElec rN+ MR+ EV-5}
   (You found it in the Dungeon)

   It affects your evasion (-5).
   It insulates you from electricity.
   It protects you from negative energy.
   It affects your resistance to hostile enchantments.
 K - a +1 pair of gloves of strength (worn)
Magical Staves
 B - an uncursed staff of energy
Jewellery
 i - a +6 ring of intelligence
 s - a +6 ring of strength (left hand)
 I - a +6 ring of intelligence
 R - an uncursed ring of resist corrosion
 S - a +6 ring of strength (right hand)
 X - a +6 ring of dexterity
Wands
 v - a wand of disintegration (7)
 w - a wand of iceblast (7)
 y - a wand of acid (7)
Scrolls
 j - 4 scrolls of blinking
 p - 4 scrolls of amnesia
 q - 7 scrolls of fog
 t - 5 scrolls of remove curse {@r2}
 u - 2 scrolls of fear
 A - 5 scrolls of identify {@r1}
Potions
 c - 5 potions of might
 e - 5 potions of curing {@q1}
 f - 6 potions of heal wounds {@q2}
 g - 5 potions of haste {@q3}
 h - 7 potions of magic
 k - 2 potions of brilliance
 l - a potion of invisibility
 m - 4 potions of resistance
 n - a potion of experience
 o - 4 potions of agility
 z - 2 potions of berserk rage
Miscellaneous
 C - a crystal ball of energy
 J - a fan of gales
Comestibles
 d - 6 rations {@e1}


   Skills:
 + Level 11.1 Fighting
 * Level 11.2 Maces & Flails
 + Level 11.1 Armour
 + Level 11.0 Shields
 - Level 7.5 Unarmed Combat
 - Level 5.2 Spellcasting
 - Level 7.2 Conjurations
 + Level 1.8 Necromancy
 - Level 7.3 Fire Magic
 + Level 1.9 Earth Magic
 + Level 2.9 Invocations


You had 9 spell levels left.
You knew the following spells:

 Your Spells              Type           Power        Failure   Level  Hunger
a - Bolt of Fire          Conj/Fire      ###.......   100%        6    #######
b - Borgnjor's Vile Clut  Necr/Erth      #.........   100%        5    ######.

Your spell library contained the following spells:

 Spells                   Type           Power        Failure   Level  Hunger
 Conjure Flame            Conj/Fire      ###.....     16%         3    ###....
 Throw Frost              Conj/Ice       #.....       34%         2    ##.....
 Sandblast                Erth           #.....       41%         1    None
 Stone Arrow              Conj/Erth      ##....       43%         3    ###....
 Dazzling Spray           Conj/Hex       #.....       56%         3    ###....
 Static Discharge         Conj/Air       #.......     56%         3    ###....
 Passwall                 Tmut/Erth      #.......     71%         2    ##.....
 Mephitic Cloud           Conj/Pois/Air  #.......     75%         3    ###....
 Ensorcelled Hibernation  Hex/Ice        #.....       83%         2    ##.....
 Poisonous Vapours        Pois/Air       #.....       83%         2    ##.....
 Shroud of Golubria       Chrm/Tloc      #.........   83%         2    ##.....
 Slow                     Hex            #.......     83%         2    ##.....
 Bolt of Magma            Conj/Fire/Erth ##........   96%         5    ######.
 Spider Form              Tmut/Pois      #.........   97%         3    ###....
 Teleport Other           Tloc           #.......     97%         3    ###....
 Airstrike                Air            #.........   100%        4    ####...
 Leda's Liquefaction      Hex/Erth       #.........   100%        4    ####...
 Olgreb's Toxic Radiance  Pois           #.......     100%        4    ####...
 Petrify                  Tmut/Erth      #.......     100%        4    ####...
 Lee's Rapid Deconstruct  Erth           #.........   100%        5    ######.
 Metabolic Englaciation   Hex/Ice        #.........   100%        5    ######.
 Yara's Violent Unravell  Hex/Tmut       #.........   100%        5    ######.
 Conjure Ball Lightning   Conj/Air       #.........   100%        6    #######
 Dispersal                Tloc           #.........   100%        6    #######
 Freezing Cloud           Conj/Ice/Air   #.........   100%        6    #######
 Invisibility             Hex            #.......     100%        6    #######
 Haunt                    Necr/Summ      #.........   100%        7    #######
 Ring of Flames           Chrm/Fire      #.........   100%        7    #######
 Borgnjor's Revivificati  Necr           #.........   100%        8    #######
 Death's Door             Chrm/Necr      #.........   100%        8    #######
 Infestation              Necr           #.........   100%        8    #######
 Necromutation            Tmut/Necr      #.........   100%        8    #######


Dungeon Overview and Level Annotations

Branches:
Dungeon (1/1)

Altars:
Ashenzari
Cheibriados
Dithmenos
Elyvilon
Fedhas
Gozag
Hepliaklqana
Kikubaaqudgha
Makhleb
Nemelex Xobeh
Okawaru
Qazlal
Ru
Sif Muna
Trog
Uskayaw
Vehumet
Wu Jian
Xom
Yredelemnul
Zin
The Shining One
Beogh
Jiyva
Lugonu


Innate Abilities, Weirdness & Mutations

You tend to lose your temper in combat.


Message History

You kill the great orb of eyes!
Baagasifri hits you but does no damage.
You miss Baagasifri.
Baagasifri is moderately wounded.
Baagasifri is lost in a daze.
The neqoxec is lost in a daze.
You completely miss Baagasifri.
Baagasifri is moderately wounded.
Baagasifri hits you!!
* * * LOW HITPOINT WARNING * * *
Baagasifri is lost in a daze.
The neqoxec is lost in a daze.
You flatten Baagasifri like a pancake!!!
You burn Baagasifri!
Baagasifri is filled with an inner flame.
Baagasifri is heavily wounded.
Baagasifri hits you but does no damage.
Baagasifri gestures.
Your Maxwell's patent armour prevents you from hitting the neqoxec.
The neqoxec is almost dead.
Baagasifri completely misses you. Baagasifri hits you!!!
You die...

▓..8©8..▓
▓..)::[}..▓..|}}..▓
▓...))=...▓.......▓
▓.........▓.......▓
▓.........▓..(....▓
▓.........▓......(▓
▓..5§5§...▓.....(.▓
▓.▓3G§§G▓.▓.▓..)▓(▓
▓...@&§...▓...©)(.▓
▓▓▓▓▓▓▓▓▓▓▓▓▓▓▓▓▓▓▓


You could see Baagasifri (inner flame), a shining eye, an eye of draining, a
neqoxec (dazed), a shadow imp and an ufetubus.

Vanquished Creatures
  A deep elf death mage (D)
  A dancing weapon (D)
  A hell hog (D)
  A sun demon (D)
  A deep elf archer (D)
  5 merfolk (D)
  A slime creature (D)
  An air elemental (D)
  5 fire elementals (D)
  2 chaos spawn (D)
  A naga (D)
  4 water moccasins (D)
  A floating eye (D)
  An eye of draining (D)
  3 phantoms (D)
  A wight (D)
  A jelly (D)
  An iron imp (D)
  An iguana (D)
  An adder (D)
  A river rat (D)
  2 white imps (D)
  An ooze (D)
  2 jackals (D)
  A ball python (D)
41 creatures vanquished.

Vanquished Creatures (others)
  A deep elf mage (D)
  A fire elemental (D)
2 creatures vanquished.

Grand Total: 43 creatures vanquished

Notes
Turn   | Place    | Note
-------+----------+-------------------------------------------
     0 | D        | Found the +6 Majin-Bo {vamp, Archmagi MP+6 Int+6}
     0 | D        | Found the +7 great mace "Firestarter" {inner flame, rF++}
     0 | D        | aMcNicky the Human Fighter began the quest for the Orb.
     0 | D        | Reached XP level 1. HP: 18/18 MP: 1/1
     0 | D        | Found a deep blue altar of Sif Muna.
     0 | D        | Found a sacrificial altar of Ru.
     0 | D        | Found a bloodstained altar of Trog.
     0 | D        | Found a stormy altar of Qazlal.
     0 | D        | Found an iron altar of Okawaru.
     0 | D        | Found a sparkling altar of Nemelex Xobeh.
     0 | D        | Found a blossoming altar of Fedhas.
     2 | D        | Found a transporter.
     2 | D        | Found an ancient bone altar of Kikubaaqudgha.
     2 | D        | Found a viscous altar of Jiyva.
     2 | D        | Found a corrupted altar of Lugonu.
     2 | D        | Found a hazy altar of Hepliaklqana.
     2 | D        | Found a burning altar of Makhleb.
     2 | D        | Found an opulent altar of Gozag.
    27 | D        | Found the +9 heavy crossbow "Sniper" {velocity, Acc+∞ SInv}
    27 | D        | Found the +10 dark maul {crush}
    27 | D        | Found the +15 Maxwell's patent armour {-Cast -Tele rElec
                  | MR+ rCorr}
    27 | D        | Found the +18 shield of the Gong {rElec rN+ MR+ EV-5}
    27 | D        | Found the cursed +14 obsidian axe {chop, +Fly SInv *Curse}
    29 | D        | Found the +6 shillelagh "Devastator" {shatter}
    29 | D        | Found the +11 plutonium sword {*Contam Stlth-}
    29 | D        | Found the +8 lance "Wyrmbane" {slay drac, rPois rF+ rC+
                  | AC+3}
    29 | D        | Found the +9 sword of Zonguldrok {reap}
    29 | D        | Found the cursed +13 scythe of Curses {drain, *Curse}
    29 | D        | Found the +0 sword of Power
    29 | D        | Found the +7 mace of Variability {chain chaos}
    29 | D        | Found the +7 Singing Sword
    29 | D        | Found the +7 longbow "Piercer" {penet, EV-2}
    56 | D        | Became a worshipper of Makhleb the Destroyer
    73 | D        | Entered arena 2.
    73 | D        | Noticed a jelly
    73 | D        | Noticed a floating eye
    73 | D        | Found a transporter.
    74 | D        | Paralysed by a floating eye for 4 turns
    78 | D        | Killed a floating eye
    78 | D        | Reached skill level 5 in Fighting
    78 | D        | Reached skill level 5 in Armour
    78 | D        | Reached skill level 5 in Shields
    78 | D        | Reached XP level 2. HP: 27/27 MP: 2/2
    78 | D        | Reached XP level 3. HP: 33/33 MP: 3/3
    78 | D        | Reached XP level 4. HP: 39/39 MP: 4/4
    78 | D        | Reached XP level 5. HP: 44/44 MP: 5/5
    80 | D        | Reached skill level 5 in Unarmed Combat
   131 | D        | Entered arena 3.
   131 | D        | Noticed an eye of draining
   131 | D        | Noticed a slime creature
   131 | D        | Found a transporter.
   139 | D        | Killed an eye of draining
   139 | D        | Reached * piety under Makhleb
   139 | D        | Reached XP level 6. HP: 30/53 MP: 0/6
   140 | D        | Killed a slime creature
   140 | D        | Reached XP level 7. HP: 56/61 MP: 0/7
   210 | D        | Entered arena 4.
   210 | D        | Found a transporter.
   212 | D        | Reached ** piety under Makhleb
   231 | D        | Got the Volume of Destructive Curses
   241 | D        | Learned a level 6 spell: Bolt of Fire
   262 | D        | Entered arena 5.
   262 | D        | Found a transporter.
   272 | D        | Reached *** piety under Makhleb
   272 | D        | Reached skill level 1 in Maces & Flails
   274 | D        | Reached skill level 1 in Spellcasting
   274 | D        | Reached skill level 1 in Conjurations
   274 | D        | Reached skill level 1 in Fire Magic
   287 | D        | Reached XP level 8. HP: 51/69 MP: 9/11
   380 | D        | Entered arena 6.
   380 | D        | Noticed a merfolk
   380 | D        | Noticed a merfolk
   380 | D        | Noticed a merfolk
   380 | D        | Noticed a merfolk
   380 | D        | Noticed a merfolk
   380 | D        | Found a transporter.
   386 | D        | Killed a merfolk
   386 | D        | Reached **** piety under Makhleb
   388 | D        | Killed a merfolk
   388 | D        | Reached skill level 5 in Maces & Flails
   388 | D        | Killed a merfolk
   389 | D        | Killed a merfolk
   389 | D        | Reached ***** piety under Makhleb
   389 | D        | Reached XP level 9. HP: 76/76 MP: 11/14
   396 | D        | Killed a merfolk
   679 | D        | Entered arena 7.
   679 | D        | Noticed a hell hog
   681 | D        | Found a transporter.
   686 | D        | Killed a hell hog
   686 | D        | Reached skill level 5 in Conjurations
   686 | D        | Reached skill level 5 in Fire Magic
   691 | D        | Reached skill level 5 in Spellcasting
   694 | D        | Reached XP level 10. HP: 33/85 MP: 17/17
   703 | D        | Reached skill level 10 in Fighting
   964 | D        | Got the Reference Book on Clay and Dislocation
   966 | D        | Got Wocad's Guide on Glamour
   969 | D        | Got the +4 quarterstaff "Uqyreat" {vamp, Str-4 Int+7 SInv}
   980 | D        | Entered arena 8.
   980 | D        | Noticed a deep elf mage
   980 | D        | Noticed a trident of venom
   980 | D        | Noticed a deep elf death mage
   980 | D        | Noticed a deep elf archer
   981 | D        | Noticed an ice devil
   982 | D        | Noticed an orange demon
   984 | D        | Reached skill level 10 in Armour
   984 | D        | Reached skill level 10 in Shields
   985 | D        | Found a transporter.
  1000 | D        | Noticed an orange demon
  1015 | D        | Killed a trident of venom
  1015 | D        | Reached ****** piety under Makhleb
  1015 | D        | HP: 3/85 [poisoned by a trident of venom]
  1018 | D        | Killed a deep elf death mage
  1023 | D        | Killed a ghostly deep elf death mage
  1023 | D        | HP: 2/85 [ghostly deep elf death mage/exploding inner
                  | flame[the player character] (4)]
  1031 | D        | Killed a deep elf mage
  1031 | D        | Reached skill level 10 in Maces & Flails
  1041 | D        | Killed a deep elf archer
  1286 | D        | Got Walohi's Papyrus of Gliding Toxins
  1296 | D        | Entered arena 9.
  1297 | D        | Found a transporter.
  1300 | D        | Reached skill level 1 in Invocations
  1307 | D        | Reached XP level 11. HP: 92/92 MP: 18/18
  1322 | D        | Got Tymumel's Disquisition on Ashen Ice
  1329 | D        | Learned a level 5 spell: Borgnjor's Vile Clutch
  1335 | D        | Entered arena 10.
  1335 | D        | Noticed Baagasifri the pandemonium lord
  1335 | D        | Noticed a sun demon
  1336 | D        | Reached skill level 1 in Earth Magic
  1340 | D        | Noticed a great orb of eyes
  1341 | D        | Killed a sun demon
  1341 | D        | Reached skill level 1 in Necromancy
  1342 | D        | Gained mutation: You tend to lose your temper in combat. [a
                  | neqoxec]
  1346 | D        | Noticed a shining eye
  1346 | D        | Demolished by Baagasifri the pandemonium lord

Skill      XL: |  1  2  3  4  5  6  7  8  9 10 11 |
---------------+----------------------------------+-----
Fighting       | 5 6 7 8 9 10 11 | 11.1
Armour         | 5 6 7 8 9 10 11 | 11.1
Shields        | 5 6 7 8 9 10 11 | 11.0
Unarmed Combat | 4 6 7 |  7.5
Maces & Flails | 3 6 8 10 11 | 11.2
Spellcasting   | 2 3 5 |  5.2
Conjurations   | 2 4 5 7 |  7.2
Fire Magic     | 2 4 5 7 |  7.3
Invocations    | 1 2 |  2.9
Earth Magic    | 1 |  1.9
Necromancy     | 1 |  1.8

Action                   |  1- 3 |  4- 6 |  7- 9 | 10-12 || total
-------------------------+-------+-------+-------+-------++-------
Melee: Great mace        |     1 |     8 |    46 |    58 ||   113
  Use: Potion            |       |       |     1 |    17 ||    18
       Scroll            |       |       |       |     1 ||     1
  Eat: Ration            |       |       |       |     1 ||     1
Armor: Plate armour      |     3 |    14 |   103 |   135 ||   255
Dodge: Dodged            |     1 |    10 |    51 |    44 ||   106
